 Dungeon Crawl Stone Soup version 0.22.1-2-g9c5b331383 (webtiles) character file.

178 Revguard the Chopper (level 5, 0/47 HPs)
             Began as a Draconian Berserker on Nov 23, 2018.
             Was a Believer of Trog.
             Killed by divine providence
             ... invoked by an orc priest
              (16 damage)
             ... on level 3 of the Dungeon.
             The game lasted 00:09:35 (1600 turns).

Revguard the Chopper (Draconian Berserker)          Turns: 1600, Time: 00:09:35

Health: 0/47       AC:  6    Str: 22    XL:     5   Next: 32%
Magic:  5/5        EV: 13    Int:  7    God:    Trog [**....]
Gold:   221        SH:  0    Dex: 11    Spells: 4/4 levels left

rFire    + . .     SeeInvis .   a - +1 hand axe
rCold    . . .     Gourm    .   (no shield)
rNeg     . . .     Faith    .   (armour unavailable)
rPois    .         Spirit   .   (helmet restricted)
rElec    .         Reflect  .   (no cloak)
rCorr    .         Harm     .   m - +0 pair of gloves
MR       .....                  (no boots)
Stlth    +.........             (no amulet)
HPRegen  0.15/turn              e - +2 ring of strength
MPRegen  0.09/turn              i - ring of protection from fire

@: no status effects
A: unfitting armour, cold-blooded, AC +5
a: Berserk, Trog's Hand, Renounce Religion


You were on level 3 of the Dungeon.
You worshipped Trog.
Trog was pleased with you.
You were not hungry.

You visited 1 branch of the dungeon, and saw 3 of its levels.

You collected 221 gold pieces.

Inventory:

Hand Weapons
 a - a +1 hand axe (weapon)
Armour
 m - a +0 pair of gloves (worn)
Jewellery
 e - a +2 ring of strength (left hand)
 i - a ring of protection from fire (right hand)
Wands
 j - a wand of polymorph (14)
Scrolls
 d - 3 scrolls of teleportation
 f - a scroll of remove curse {unknown}
 k - 3 scrolls of immolation {unknown}
 n - a scroll of enchant weapon
Potions
 c - a potion of haste
 g - a potion of flight
 l - a potion of lignification {unknown}
Comestibles
 b - 10 rations
 p - 2 chunks of flesh


   Skills:
 + Level 4.3 Fighting
 + Level 4.7 Axes
 + Level 3.6 Dodging


You had 4 spell levels left.
You didn't know any spells.
Your spell library was empty.

Dungeon Overview and Level Annotations

Branches:
Dungeon (3/15)

Altars:
Fedhas
Makhleb


Innate Abilities, Weirdness & Mutations

Your plain brown scales are hard. (AC +5)
You cannot fit into any form of body armour.
You are cold-blooded and may be slowed by cold attacks.


Message History

You hit the rat.
You kill the rat!
Trog accepts your kill.
The orc priest begins to cast a cantrip, but forgets the words!
The orc priest invokes the aid of Beogh against you.
Beogh smites you!
You slash the orc priest!
You kill the orc priest!
Trog accepts your kill.
You slash the orc priest!
The orc priest is heavily wounded.
The orc priest hits you with an enchanted short sword.
You hit the orc priest but do no damage.
The orc priest is heavily wounded.
The orc priest hits you with an enchanted short sword!
* * * LOW HITPOINT WARNING * * *
You feel better.
The orc priest calls down the wrath of Beogh upon you.
Beogh smites you!
You die...

#.#. #.#.### #... #.#.###
#..# #.#†... #..# #.#.###
#.#####..####.# #.#..#
#.............# #.#..#
##########..####### #.#..##
#..........†......# #......
#.######.##@#####.######..##
#.# #.##o# .........## #.#
#.##o. ..........# #.#
#.##... ########..# #.#
#......$ #..# #####.#
####..... #..# #<....#
.....##.#######..# #.#####
#.# ###.## ..........# #.#
#.# #########.#


You could see an orc priest and an orc.

Vanquished Creatures
  An orc priest (D:3)
  A hound zombie (D:3)
  Robin (D:2)
  4 adders
  2 oozes
  A worm (D:2)
  A dart slug (D:3)
  A leopard gecko (D:3)
  An orc (D:3)
  4 bats
  4 giant cockroaches
  16 goblins
  9 hobgoblins
  4 jackals (D:2)
  3 frilled lizards (D:2)
  8 kobolds
  12 rats
73 creatures vanquished.

Notes
Turn   | Place    | Note
-------+----------+-------------------------------------------
     0 | D:1      | Revguard the Draconian Berserker began the quest for the
                  | Orb.
     0 | D:1      | Reached XP level 1. HP: 19/19 MP: 1/1
   120 | D:1      | Reached XP level 2. HP: 16/26 MP: 2/2
   442 | D:2      | Reached XP level 3. HP: 16/33 MP: 3/3
   564 | D:2      | Noticed Robin
   576 | D:2      | Reached ** piety under Trog
   582 | D:2      | Killed Robin
   587 | D:2      | Reached XP level 4. HP: 35/40 MP: 4/4
   826 | D:2      | Found a blossoming altar of Fedhas.
  1033 | D:2      | Found a burning altar of Makhleb.
  1498 | D:3      | Reached XP level 5. HP: 46/46 MP: 5/5
  1600 | D:3      | Killed from afar by an orc priest

Skill      XL: |  1  2  3  4 |
---------------+-------------+-----
Dodging        | 3 |  3.6
Fighting       | 4 |  4.3
Axes           | 4 |  4.7

Action                   |  1- 3 |  4- 6 || total
-------------------------+-------+-------++-------
Melee: Hand axe          |    71 |    87 ||   158
       Tailslap          |     7 |     9 ||    16
Invok: Berserk           |     2 |       ||     2
  Use: Scroll            |       |     5 ||     5
       Potion            |       |     1 ||     1
  Eat: Chunk             |       |     4 ||     4
Armor: Skin              |    28 |    33 ||    61
Dodge: Dodged            |    59 |    41 ||   100
